 Dungeon Crawl Stone Soup version 0.17.0-26-gececa24 (webtiles) character file.

6800 Ijustatesigmund the Cleaver (level 10, -4/88 HPs)
             Began as a Minotaur Fighter on Nov 20, 2015.
             Was a Follower of Okawaru.
             Slain by Snorg (16 damage)
             ... on level 10 of the Dungeon.
             The game lasted 00:26:26 (8593 turns).

Ijustatesigmund the Cleaver (Minotaur Fighter)      Turns: 8593, Time: 00:26:26

Health: -4/88      AC: 10    Str: 22    XL:     10   Next: 76%
Magic:  14/14      EV: 10    Int:  5    God:    Okawaru [*.....]
Gold:   536        SH:  9    Dex: 10    Spells: 0 memorised, 9 levels left

rFire  . . .     SeeInvis .     a - +1 war axe
rCold  . . .     Clarity  .     g - +0 scale mail {rPois}
rNeg   . . .     SustAt   .     c - +0 shield
rPois  +         Gourm    .     (helmet unavailable)
rElec  .         Spirit   .     j - +0 cloak (curse)
rCorr  .         Warding  .     (no gloves)
rMut   .         Stasis   +     (no boots)
MR     .....                    b - amulet of stasis
Stlth  +.........               (no ring)
                                q - ring of stealth

@: very slow, not resistant to hostile enchantments, very unstealthy
A: retaliatory headbutt, horns 3, molten scales 1, clumsy 1, teleportitis 1
a: Heroism, Renounce Religion


You were on level 10 of the Dungeon.
You worshipped Okawaru.
Okawaru was aware of your devotion.
You were not hungry.

You visited 1 branch of the dungeon, and saw 10 of its levels.

You collected 536 gold pieces.

Inventory:

Hand Weapons
 a - a +1 war axe (weapon)
 L - the +10 blowgun of Xetuikk {speed, rC+++ Str-3 Dex+7}
   (You found it on level 8 of the Dungeon)

   Attacks with this weapon are significantly faster.
   It affects your strength (-3).
   It affects your dexterity (+7).
   It renders you almost immune to cold.
Missiles
 v - 5 tomahawks (quivered)
 M - 8 poisoned needles
Armour
 c - a +0 shield (worn)
 g - a +0 scale mail of poison resistance (worn)
 j - a cursed +0 cloak (worn)
 D - a +0 chain mail
Jewellery
 b - an amulet of stasis (around neck)
 q - a ring of stealth (left hand)
 u - an uncursed amulet of resist mutation
 x - an uncursed amulet of rage
Wands
 i - a wand of draining (7)
 o - a wand of flame (13)
 p - a wand of teleportation (9)
 r - a wand of teleportation (7)
 t - a wand of enslavement (10)
 F - a wand of magic darts (27)
Scrolls
 m - a scroll of amnesia
 z - 7 scrolls of remove curse
 G - 2 scrolls of recharging
 H - a scroll of noise
 J - 3 scrolls of identify
 N - a scroll of silence
 P - 2 scrolls of enchant weapon
Potions
 d - 2 potions of might
 h - 2 potions of curing
 k - 2 potions of lignification
 l - 2 potions of resistance
 n - 2 potions of ambrosia
 s - a potion of heal wounds {unknown}
 w - 2 potions of flight
 A - a potion of agility
 C - 2 potions of haste {unknown}
 I - a potion of degeneration {unknown}
Books
 y - a Fen Folio

   Spells                             Type                      Level
   a - Corpse Rot                     Necromancy                   2
   b - Stone Arrow                    Conjuration/Earth            3
   c - Leda's Liquefaction            Hexes/Earth                  4
   d - Summon Forest                  Summoning/Translocation      5
   e - Hydra Form                     Transmutation                6
   f - Summon Hydra                   Summoning                    7
 K - a book of the Earth

   Spells                             Type                      Level
   a - Leda's Liquefaction            Hexes/Earth                  4
   b - Bolt of Magma                  Conjuration/Fire/Earth       5
   c - Statue Form                    Transmutation/Earth          6
   d - Iron Shot                      Conjuration/Earth            6
   e - Shatter                        Earth                        9
Comestibles
 e - 3 bread rations
 f - 4 meat rations
 B - 5 chunks of flesh


   Skills:
 - Level 8.2 Fighting
 - Level 10.4 Axes
 * Level 5.3 Throwing
 - Level 7.9 Armour
 - Level 6.5 Dodging
 - Level 3.6 Shields
 + Level 7.8 Invocations


You had 9 spell levels left.
You didn't know any spells.

Dungeon Overview and Level Annotations

Branches:
Dungeon (10/15)            Temple (0/1) D:5            Lair (0/8) D:10
    Orc: D:9-12

Altars:
Ashenzari
Cheibriados
Elyvilon
Fedhas
Gozag
Kikubaaqudgha
Makhleb
Nemelex Xobeh
Okawaru
Qazlal
Sif Muna
Trog
Zin
The Shining One

Annotations:
D:10 Snorg


Innate Abilities, Weirdness & Mutations

You reflexively headbutt those who attack you in melee.
You have a pair of large horns on your head.
You are partially covered in molten scales (AC +1).
You are clumsy. (Dex -2)
You are occasionally teleported to nearby monsters.


Message History

Snorg claws you! You block Snorg's attack. Snorg barely misses you.
You furiously retaliate!
You headbutt Snorg!! Snorg completely misses you. Snorg claws you.
You slash Snorg!
Snorg is severely wounded.
You block Snorg's attack. x3
You closely miss Snorg. You headbutt Snorg!
Snorg is severely wounded.
Snorg bites you! You block Snorg's attack. You block Snorg's attack.
Snorg bites you. Snorg claws you!
* * * LOW HITPOINT WARNING * * *
Snorg claws you!
* * * LOW HITPOINT WARNING * * *
Read which item? (? for menu, Esc to quit)
Okay, then.
Drink which item? (? for menu, Esc to quit)
It was a potion of berserk rage.
You cannot go berserk while under stasis.
Snorg bites you!
You die...

... ... .. .. #. #.####(
......T#################
.......@................
..######################
##### .}... ..... .....
..... .....


You could see Snorg (berserk).

Vanquished Creatures
  Pikel (D:3)
  3 trolls
  6 yaks (D:8)
  3 hungry ghosts
  A wyvern (D:8)
  A water moccasin (D:8)
  2 orc warriors
  A necrophage (D:10)
  A phantom (D:9)
  A sky beast (D:9)
  A slave (D:3)
  A wasp (D:8)
  5 ogres
  4 ice beasts
  3 centaurs
  3 giant frogs
  A crocodile (D:10)
  3 scorpions
  4 wights (D:10)
  13 killer bees
  A centaur zombie (D:8)
  3 crimson imps
  3 jellies
  A gnoll shaman (D:5)
  5 hounds
  6 orc priests
  8 orc wizards
  2 iguanas
  Natasha (thrice) (D:4)
  6 worker ants
  A killer bee zombie (D:8)
  A hound zombie (D:5)
  A worker ant zombie (D:7)
  11 adders
  4 shadow imps
  12 gnolls
  5 adder skeletons
  4 worms
  7 giant geckos
  28 orcs
  3 giant cockroaches
  6 goblins
  7 hobgoblins
  A ball python (D:2)
  2 bats (D:3)
  A giant gecko skeleton (D:8)
  7 giant newts
  A jackal skeleton (D:4)
  A jackal zombie (D:5)
  6 kobolds
  6 quokkas
  A quokka zombie (D:8)
  7 rats
  A bush (D:2)
220 creatures vanquished.

Vanquished Creatures (others)
  A gnoll (D:4)
  A giant cockroach (D:4)
2 creatures vanquished.

Grand Total: 222 creatures vanquished

Notes
Turn   | Place    | Note
--------------------------------------------------------------
     0 | D:1      | Ijustatesigmund the Minotaur Fighter began the quest for the Orb.
     0 | D:1      | Reached XP level 1. HP: 19/19 MP: 0/0
   218 | D:1      | Reached XP level 2. HP: 22/27 MP: 1/1
   931 | D:2      | Reached XP level 3. HP: 33/33 MP: 2/2
   990 | D:2      | Reached skill level 4 in Fighting
  1235 | D:2      | Reached XP level 4. HP: 30/40 MP: 3/3
  1257 | D:2      | Found a snail-covered altar of Cheibriados.
  1283 | D:2      | Reached skill level 5 in Axes
  1319 | D:2      | Became a worshipper of Cheibriados the Contemplative
  1388 | D:2      | Found a faded altar to an unknown god.
  1654 | D:3      | Gained mutation: You have a pair of large horns on your head. [potion of mutation]
  1654 | D:3      | Gained mutation: You are weak. (Str -2) [potion of mutation]
  1654 | D:3      | Gained mutation: You are occasionally teleported to nearby monsters. [potion of mutation]
  1679 | D:3      | Reached * piety under Cheibriados
  1997 | D:3      | Found a glowing golden altar of the Shining One.
  1997 | D:3      | Found a glowing silver altar of Zin.
  1998 | D:3      | Found a white marble altar of Elyvilon.
  2066 | D:4      | Noticed Pikel
  2066 | D:4      | Noticed a slave
  2066 | D:4      | Noticed a slave
  2069 | D:4      | Noticed a slave
  2078 | D:3      | Reached XP level 5. HP: 47/47 MP: 4/4
  2080 | D:3      | Killed a slave
  2083 | D:4      | Noticed a slave
  2089 | D:3      | Killed Pikel
  2089 | D:3      | Reached skill level 6 in Fighting
  2089 | D:3      | Reached skill level 8 in Axes
  2089 | D:3      | Reached XP level 6. HP: 26/57 MP: 5/5
  2089 | D:3      | Reached XP level 7. HP: 28/63 MP: 6/6
  2264 | D:4      | Noticed Natasha
  2269 | D:4      | Killed Natasha
  2556 | D:4      | Found a stormy altar of Qazlal.
  2562 | D:4      | Found an iron altar of Okawaru.
  2605 | D:4      | Found an ancient bone altar of Kikubaaqudgha.
  2676 | D:4      | Noticed Natasha
  2681 | D:4      | Killed Natasha
  2736 | D:4      | Noticed Natasha
  2745 | D:4      | Killed Natasha
  2745 | D:4      | Reached ** piety under Cheibriados
  3015 | D:4      | Found a shattered altar of Ashenzari.
  3075 | D:5      | Entered Level 5 of the Dungeon
  3190 | D:5      | Reached skill level 9 in Axes
  3242 | D:5      | Found a staircase to the Ecumenical Temple.
  3285 | D:5      | Gained mutation: You expend magic power (3 MP) to strengthen your wands. [potion of mutation]
  3285 | D:5      | Gained mutation: You possess an exceptional clarity of mind. [potion of mutation]
  3285 | D:5      | Lost mutation: You are weak. (Str -2) [potion of mutation]
  3408 | D:5      | Reached XP level 8. HP: 49/73 MP: 7/7
  3603 | D:5      | Reached skill level 1 in Dodging
  3660 | D:5      | Reached skill level 1 in Invocations
  3709 | D:5      | Gained mutation: You are clumsy. (Dex -2) [potion of mutation]
  3709 | D:5      | Gained mutation: You are partially covered in molten scales (AC +1). [potion of mutation]
  3709 | D:5      | Gained mutation: You are very clumsy. (Dex -4) [potion of mutation]
  3914 | D:6      | Reached skill level 5 in Armour
  3955 | D:6      | Reached *** piety under Cheibriados
  4603 | D:6      | Found a burning altar of Makhleb.
  4604 | D:6      | Found an opulent altar of Gozag.
  4676 | D:7      | Reached XP level 9. HP: 79/79 MP: 10/10
  4884 | D:7      | Reached skill level 5 in Dodging
  4889 | D:7      | Reached **** piety under Cheibriados
  5358 | D:8      | Found a deep blue altar of Sif Muna.
  5388 | D:8      | Reached skill level 5 in Invocations
  5657 | D:8      | Reached ***** piety under Cheibriados
  5740 | D:8      | Lost mutation: You expend magic power (3 MP) to strengthen your wands. [potion of cure mutation]
  5740 | D:8      | Lost mutation: You possess an exceptional clarity of mind. [potion of cure mutation]
  5740 | D:8      | Lost mutation: You are very clumsy. (Dex -4) [potion of cure mutation]
  5975 | D:8      | Found a sparkling altar of Nemelex Xobeh.
  6263 | D:8      | Got a steaming blowgun
  6264 | D:8      | Identified the +10 blowgun of Xetuikk {speed, rC+++ Str-3 Dex+7} (You found it on level 8 of the Dungeon)
  6374 | D:8      | Reached skill level 10 in Axes
  6374 | D:8      | Reached XP level 10. HP: 81/86 MP: 13/13
  6625 | D:8      | Fell from the grace of Cheibriados
  6932 | D:4      | Became a worshipper of Warmaster Okawaru
  7154 | D:9      | Found a blossoming altar of Fedhas.
  7177 | D:9      | Reached skill level 1 in Throwing
  7443 | D:9      | Found a bloodstained altar of Trog.
  7509 | D:9      | Reached * piety under Okawaru
  7936 | D:10     | Entered Level 10 of the Dungeon
  7988 | D:10     | HP: 4/88 [necrophage (5)]
  7991 | D:10     | Found a staircase to the Lair.
  8071 | D:9      | Reached skill level 5 in Throwing
  8584 | D:10     | Noticed Snorg
  8593 | D:10     | Slain by Snorg

Action                   |  1- 3 |  4- 6 |  7- 9 | 10-12 || total
-------------------------+-------+-------+-------+-------++-------
Melee: War axe           |   121 |    70 |   282 |   155 ||   628
 Fire: Blowgun           |       |       |       |     5 ||     5
Throw: Tomahawk          |       |       |       |     2 ||     2
Invok: Renounce Religion |       |       |       |     1 ||     1
  Use: Scroll            |       |    11 |     5 |     3 ||    19
       Potion            |       |     1 |     3 |     2 ||     6
  Eat: Chunk             |     1 |     2 |     9 |     2 ||    14
       Pizza             |       |       |     1 |       ||     1
       Fruit             |       |       |       |     2 ||     2
       Meat ration       |       |       |       |     1 ||     1
       Bread ration      |       |       |       |     1 ||     1
       Beef jerky        |       |       |       |     1 ||     1
